 Dungeon Crawl Stone Soup version 0.31-a0-7-g51783674b7 (webtiles) character file.

Game seed: 12204658030879059385

161303 quinnr the Stormcaller (level 17, -2/102 HPs)
             Began as a Tengu Air Elementalist on May 6, 2023.
             Was the Champion of Vehumet.
             Killed from afar by a shock serpent (8 damage)
             ... with an electric aura
             ... on level 3 of the Snake Pit.
             The game lasted 02:01:49 (42560 turns).

quinnr the Stormcaller (Tengu Air Elementalist)    Turns: 42560, Time: 02:01:50

Health: -2/102     AC:  8    Str:  9    XL:     17   Next: 78%
Magic:  3/33       EV: 22    Int: 22    God:    Vehumet [******]
Gold:   1937       SH:  5    Dex: 16    Spells: 2/39 levels left

rFire   . . .        f - staff of poison {!a}
rCold   . . .        d - +0 buckler
rNeg    + . .        V - +2 robe {Will+}
rPois   +            Y - +2 hat {Will+}
rElec   .            w - scarf {repulsion}
rCorr   .            q - +2 pair of gloves {Stlth+}
SInv    .            (boots unavailable)
Will    ++++.        T - amulet of magic regeneration
Stlth   +++++        N - ring of positive energy
HPRegen 0.37/turn    W - ring of willpower
MPRegen 0.63/turn

%: repel missiles
@: flying quickly and evasively, hasted (expiring), very quick
A: beak, talons 3, nimble flight, deformed body, deterioration 1
a: Renounce Religion


You were on level 3 of the Snake Pit.
You worshipped Vehumet.
Vehumet was exalted by your worship.
You visited 5 branches of the dungeon, and saw 26 of its levels.
You also visited: Ice Cave and Volcano.

You collected 2634 gold pieces.
You spent 697 gold pieces at shops.


Innate Abilities, Weirdness & Mutations

You have a beak for a mouth.
You have claws for feet.
Your magical nature lets you fly swiftly and evasively.
Armour fits poorly on your strangely shaped body.
Your body sometimes deteriorates upon taking damage.


   Skills:
 - Level 10.0 Fighting
 - Level 8.0 Short Blades
 - Level 7.2 Throwing
 - Level 3.0 Armour
 + Level 12.7 Dodging
 - Level 9.0 Stealth
 - Level 4.0 Shields
 + Level 11.5 Spellcasting
 - Level 10.0 Conjurations
 + Level 8.9 Fire Magic
 + Level 4.9 Ice Magic
 + Level 17.1 Air Magic
 - Level 10.0 Poison Magic
 - Level 8.0 Evocations


You had 2 spell levels left.
You knew the following spells:

 Your Spells              Type           Power      Damage    Failure   Level
a - Airstrike             Air            36%        2d(6-22)  1%          4
c - Chain Lightning       Conj/Air       32%        3d42      99%         9
f - Freezing Cloud        Conj/Ice/Air   28%        6-21      1%          5
i - Swiftness             Air            73%        N/A       1%          3
m - Mephitic Cloud        Conj/Pois/Air  79%        N/A       1%          3
o - Olgreb's Toxic Radia  Pois           71%        N/A       1%          4
t - Static Discharge      Conj/Air       100%       2-7/arc   1%          2
z - Shock                 Conj/Air       100%       1d9       1%          1
X - Plasma Beam           Fire/Air       31%        2x1d48    1%          6

Your spell library contained the following spells:

 Spells                   Type           Power      Damage    Failure   Level
 Orb of Destruction       Conj           27%        9d9       26%         7
 Foxfire                  Conj/Fire      100%       2x1d9     1%          1
 Freeze                   Ice            100%       1d10      1%          1
 Magic Dart               Conj           100%       1d8       1%          1
 Ensorcelled Hibernation  Hex/Ice        46%        N/A       4%          2
 Call Imp                 Summ           24%        N/A       12%         2
 Passwall                 Tmut/Erth      10%        N/A       12%         2
 Frozen Ramparts          Ice            68%        1d11      1%          3
 Hailstorm                Conj/Ice       45%        3d10      1%          3
 Vhi's Electric Charge    Tloc/Air       100%       N/A       1%          3
 Volatile Blastmotes      Fire/Tloc      64%        2d15      1%          3
 Arcjolt                  Conj/Air       32%        1d42      1%          5
 Fireball                 Conj/Fire      26%        3d12      1%          5
 Conjure Ball Lightning   Conj/Air       32%        3x3d10    1%          6
 Fulminant Prism          Conj/Hex       17%        3d10      2%          4
 Iskenderun's Mystic Bla  Conj/Tloc      34%        2d8       2%          4
 Ozocubu's Armour         Ice            34%        N/A       3%          3
 Starburst                Conj/Fire      26%        6d8       7%          6
 Maxwell's Capacitive Co  Air            36%        ∞         12%         8
 Tukima's Dance           Hex            12%        N/A       22%         3
 Ice Form                 Ice/Tmut       23%        N/A       26%         4
 Summon Ice Beast         Ice/Summ       23%        N/A       26%         4
 Lee's Rapid Deconstruct  Erth           6%         3d6*      45%         5
 Yara's Violent Unravell  Hex/Tmut       6%         3d5       45%         5
 Anguish                  Hex/Necr       6%         N/A       58%         4
 Cause Fear               Hex            6%         N/A       58%         4
 Passage of Golubria      Tloc           12%        N/A       58%         4
 Ozocubu's Refrigeration  Ice            17%        4d11      87%         7
 Summon Forest            Summ/Tloc      6%         N/A       91%         5
 Summon Mana Viper        Hex/Summ       12%        N/A       91%         5
 Ignition                 Fire           25%        3d9       95%         8
 Summon Cactus Giant      Summ           6%         N/A       100%        6
 Enfeeble                 Hex            6%         N/A       100%        7
 Discord                  Hex            6%         N/A       100%        8
 Disjunction              Tloc           6%         N/A       100%        8
 Fire Storm               Conj/Fire      26%        8d7       100%        9
 Shatter                  Erth           6%         3d9*      100%        9

Inventory:

Hand Weapons
 c - the +9 war axe "Pivakhepn" {heavy, rF+}
   (You found it in an ice cave)

   rF:        It protects you from fire.
 A - a +5 dagger of speed
 G - a +3 dagger of venom
 I - a +1 dagger of electrocution
Missiles
 g - 48 poisoned darts
 n - 5 curare-tipped darts {=f}
 J - 4 throwing nets {=f}
 R - 3 atropa-tipped darts
Armour
 d - a +0 buckler (worn)
 q - a +2 pair of gloves of stealth (worn)
 u - the +0 robe of Complete Protection {+Inv rF- rN+++ rCorr Dex-4}
   (You bought it in a shop on level 2 of the Orcish Mines)

   Dex:       It affects your dexterity (-4).
   rF:        It makes you vulnerable to fire.
   rN:        It renders you almost immune to negative energy.
   +Inv:      It lets you turn invisible.
   rCorr:     It protects you from acid and corrosion.
 w - a scarf of repulsion (worn)
 x - a scarf of invisibility
 F - a +1 leather armour of fire resistance
 V - a +2 robe of willpower (worn)
 Y - a +2 hat of willpower (worn)
Magical Staves
 f - a staff of poison (weapon) {!a}
 j - a staff of cold {!a}
Jewellery
 v - a ring of see invisible
 C - the ring of Day {rC+ Int-5 Dex+6 Stlth+}
   (You found it on level 1 of the Orcish Mines)

   [ring of dexterity]

   Int:       It affects your intelligence (-5).
   Dex:       It affects your dexterity (+6).
   rC:        It protects you from cold.
   Stlth:     It makes you more stealthy.
 K - an amulet of the acrobat
 N - a ring of positive energy (left hand)
 P - a ring of poison resistance
 T - an amulet of magic regeneration (around neck)
 W - a ring of willpower (right hand)
Wands
 E - a wand of quicksilver (1)
 H - a wand of charming (11)
 L - a wand of polymorph (10)
 Q - a wand of digging (16)
 S - a wand of flame (44)
Scrolls
 e - 4 scrolls of immolation
 i - 3 scrolls of enchant weapon
 k - a scroll of summoning
 l - 12 scrolls of teleportation {@r2}
 m - 5 scrolls of fog
 p - 3 scrolls of poison
 t - 4 scrolls of vulnerability
 y - 3 scrolls of amnesia
Potions
 b - 7 potions of mutation
 h - a potion of magic
 o - 2 potions of lignification
 r - 6 potions of curing {@q1}
 s - a potion of heal wounds {@q2}
 z - 4 potions of haste {@q3}
 B - 2 potions of brilliance
 M - 4 potions of resistance
 O - 9 potions of ambrosia
 U - a potion of invisibility
 Z - 3 potions of cancellation
Miscellaneous
 a - a phial of floods (inert)
 X - a phantom mirror (inert)

Dungeon Overview and Level Annotations

Branches:
Dungeon (15/15)            Temple (1/1) D:6            Lair (5/5) D:10
 Shoals (0/4) Lair:3        Snake (3/4) Lair:2        Slime (0/5) Lair:5
    Orc (2/2) D:10            Elf (0/3) Orc:2        Vaults (0/5) D:14
 Depths (0/4) D:15          IceCv (visited)         Volcano (visited)

Altars:
Ashenzari
Cheibriados
Dithmenos
Elyvilon
Fedhas
Gozag
Hepliaklqana
Kikubaaqudgha
Makhleb
Nemelex Xobeh
Okawaru
Qazlal
Ru
Sif Muna
Trog
Uskayaw
Vehumet
Wu Jian
Xom
Yredelemnul
Zin
The Shining One

Shops:
D:1 =   D:14 :*=   Orc:2 [[(:

Annotations:
D:11 2 transporters, Lodul

▒S# ▒▒..▒....)▒[.▒▒▒ ▒~#
▒..▒▒.⌠.⌠.▒▒..▒▒ ▒§#
##▒..▒.......▒.)▒.
▒§####.)N.▒..)....▒..'.
▒▒§.§..)▒..▒.......▒..▒.
▒▒§§.†...▒..▒▒.⌠.⌠.▒▒..▒▒
▒▒.[......▒▒..▒.....▒..▒▒▒
#.!.......#▒........†..▒
#........@#▒▒.▒▒...▒▒.▒▒
########### .?▒▒▒▒▒..▒
▒▒.. ..▒▒ ▒..


There were no monsters in sight!


Message History

Casting: Airstrike (safe; 1% risk of failure)
Confirm with . or Enter, or press ? or * to list all spells.
You don't have enough magic to cast this spell.
Unknown command.
Aiming: Throw Flame
Press: ? - help, Shift-Dir - straight line, f/p - shock serpent
Aim: a shock serpent (severely wounded, slow, 60% to hit)
The puff of flame hits the shock serpent!
The shock serpent is almost dead.
The shock serpent's electric aura discharges, shocking you!
* * * LOW HITPOINT WARNING * * *
Aiming: Throw Flame
Press: ? - help, Shift-Dir - straight line, f/p - shock serpent
Aim: a shock serpent (almost dead, slow, 60% to hit)
The puff of flame hits the shock serpent.
The shock serpent is almost dead.
The shock serpent shoots out a bolt of lightning at you!
The bolt of electricity hits you!
* * * LOW HITPOINT WARNING * * *
The bolt of electricity hits you!
* * * LOW HITPOINT WARNING * * *
Aiming: Throw Flame
Press: ? - help, Shift-Dir - straight line, f/p - shock serpent
Aim: a shock serpent (almost dead, slow, 60% to hit)
The puff of flame hits the shock serpent!
You kill the shock serpent!
Vehumet accepts your kill.
You feel your power returning.
The air sparks with electricity, shocking you!
You die...

Skill      XL: |  1  2  3  4  5  6  7  8  9 10 11 12 13 14 15 16 17 |
---------------+----------------------------------------------------+-----
Air Magic      | 5 6 7 8 10 11 13 14 15 16 17 | 17.1
Fighting       | 1 3 4 5 9 10 | 10.0
Dodging        | 3 4 5 6 10 11 12 | 12.7
Stealth        | 3 5 6 9 |  9.0
Shields        | 1 3 4 |  4.0
Spellcasting   | 3 4 5 7 8 10 11 | 11.5
Throwing       | 4 7 |  7.2
Evocations     | 2 4 5 6 8 |  8.0
Short Blades   | 3 4 8 |  8.0
Conjurations   | 2 3 8 10 | 10.0
Armour         | 3 |  3.0
Poison Magic   | 1 4 8 10 | 10.0
Fire Magic     | 6 7 8 |  8.9
Ice Magic      | 1 3 4 |  4.9

Action                     |  1- 3 |  4- 6 |  7- 9 | 10-12 | 13-15 | 16-18 || total
---------------------------+-------+-------+-------+-------+-------+-------++-------
  Melee: Staff             |     4 |     3 |    12 |     5 |    28 |     3 ||    55
         Kick              |     2 |     2 |     5 |     8 |    20 |    10 ||    47
         Peck              |       |       |     2 |     8 |    17 |     8 ||    35
         Punch             |       |       |     1 |       |       |       ||     1
         Dagger            |       |       |       |    23 |     8 |    20 ||    51
         War axe           |       |       |       |       |       |     2 ||     2
   Cast: Shock             |    58 |   129 |   112 |   143 |    63 |     6 ||   511
         Static Discharge  |       |     9 |    11 |    26 |    53 |    12 ||   111
         Airstrike         |       |     2 |    54 |   336 |   737 |   260 ||  1389
         Swiftness         |       |       |     1 |     4 |    14 |     2 ||    21
         Plasma Beam       |       |       |       |       |    43 |   158 ||   201
         Olgreb's Toxic Ra |       |       |       |       |     7 |    23 ||    30
         Freezing Cloud    |       |       |       |       |     1 |    42 ||    43
         Mephitic Cloud    |       |       |       |       |       |    11 ||    11
  Evoke: Wand              |       |     3 |     5 |    22 |    19 |    30 ||    79
         Phial of floods   |       |       |       |     2 |     3 |     2 ||     7
         Phantom mirror    |       |       |       |       |     2 |     2 ||     4
    Use: Potion            |     2 |       |       |       |     9 |     5 ||    16
         Scroll            |     1 |     7 |     3 |    20 |    11 |     3 ||    45
   Stab: Sleeping          |       |       |       |       |     1 |       ||     1
 Armour: Robe              |     2 |     8 |     8 |    16 |    55 |    20 ||   109
  Dodge: Dodged            |     6 |    36 |    47 |    81 |   210 |   168 ||   548
         Repelled          |       |       |       |       |       |     9 ||     9
  Block: Buckler           |       |       |     8 |    25 |    48 |    45 ||   126

Levels and vault maps discovered:
D:1:      dpeg_arrival_castle, layout_rooms, serial_shops, shop, st_stairs_11
D:2:      layout_basic, ebering_ecumenical_altar_rust, serial_curves,
          eino_curves_02, eino_curves_04, grunt_ministairs_2
D:3:      layout_rooms, mainiacjoe_overflow_brackets, serial_bayou,
          serial_bayou_shore_b, serial_bayou_crossing, serial_bayou_pond_c,
          serial_bayou_shore_b, uniq_natasha
D:4:      layout_loops_cross, uniq_ijyb, uniq_pikel, uniq_sigmund
D:5:      nicolae_cairo_tiling, layout_layer_cave, jmf_multi_god_temple
D:6:      layout_loops_ring, minmay_temple_entry_mini_moons, minmay_starry_boxes
D:7:      layout_cave_pools, good_gods_temple_1, uniq_prince_ribbit1,
          uniq_duvessa
D:8:      layout_loops_ring, gammafunk_ghost_necromancy
D:9:      layout_rooms, mainiacjoe_overflow_alcove_4,
          nemelex_xobeh_ov_fountains_minmay, hangedman_decor_slide_cut
D:10:     layout_cross, erik_lair_orcish_takeover, orc_0_dummy,
          chequers_serial_rivers_micro_c
D:11:     gammafunk_sealed_arena, layout_basic, special_room [special_room_orc],
          uniq_maurice, uniq_nergalle, uniq_harold, uniq_josephine, uniq_lodul
D:12:     layout_roguey, portal_ice_cave_entry_ice_simulacra, uniq_snorg
D:13:     layout_long_grid, uniq_rupert
D:14:     layout_loops_corners, david_vaults_5,
          nicolae_concentric_dashed_squares_wild, serial_shops, shop,
          nicolae_shop_just_a_little_nook, nicolae_shop_stone
D:15:     grunt_enter_depths_hoard, layout_gridville, hangedman_decor_opposing,
          serial_ice, serial_ice_k, serial_ice_o, serial_ice_n, serial_ice_g,
          serial_ice_d, serial_ice_a, vehumet_altar_wand_db
Temple:   eino_narrow_crystal_temple
Lair:1:   layout_gridlike
Lair:2:   layout_gridlike, guppyfry_snake_entry_island,
          nicolae_volcano_entry_vermiform, lemuel_fruit_fields, uniq_fannar
Lair:3:   layout_regular_city, shoals_dummy_entry, minivault_23,
          grunt_megastairs_1
Lair:4:   layout_regular_city, basic_altar, ldierk_geyser,
          bobbens_dragon_lair_wall
Lair:5:   hangedman_lair_in_review, layout_gridlike, guppyfry_lair_end_dragon,
          nicolae_slime_entry_field_trip, special_room [special_room_bee],
          disabler_island
Snake:1:  layout_chambers, basic_altar, hangedman_snake_pattern
Snake:2:  minmay_snake_river, layout_misc_corridors,
          nicolae_snake_herptile_family_reunion, uniq_jorgrun
Snake:3:  nicolae_aizul_guard, layout_rooms, grunt_megastairs_2,
          minmay_shop_grove
Orc:1:    layout_caves, gammafunk_ghost_stat_death, trog_butcher_becter,
          uniq_erica
Orc:2:    st_orc_elflike, layout_caves, uniq_saint_roka

Notes
Turn   | Place    | Note
-------+----------+-------------------------------------------
     0 | D:1      | quinnr the Tengu Air Elementalist began the quest for the
                  | Orb.
     0 | D:1      | Reached XP level 1. HP: 10/10 MP: 4/4
   263 | D:1      | Found Ylaoh's Jewellery Shoppe.
   277 | D:1      | Reached XP level 2. HP: 9/15 MP: 4/6
   385 | D:1      | Reached skill level 5 in Air Magic
   837 | D:2      | Reached XP level 3. HP: 19/19 MP: 4/7
  1328 | D:2      | Reached skill level 6 in Air Magic
  1488 | D:2      | Reached XP level 4. HP: 24/24 MP: 4/8
  1616 | D:2      | Found a faded altar of an unknown god.
  1738 | D:2      | Learned a level 2 spell: Static Discharge
  1742 | D:2      | Learned a level 3 spell: Swiftness
  2209 | D:3      | Found a hide-covered altar of Uskayaw.
  2452 | D:3      | Gained mutation: Your magical nature lets you fly swiftly
                  | and evasively. [Tengu growth]
  2452 | D:3      | Reached XP level 5. HP: 28/28 MP: 1/9
  2575 | D:3      | Noticed Natasha
  2741 | D:3      | Reached skill level 1 in Fighting
  2741 | D:3      | Reached skill level 7 in Air Magic
  2900 | D:3      | Killed Natasha
  2993 | D:3      | Noticed Natasha
  2999 | D:3      | Killed Natasha
  3000 | D:3      | Reached skill level 3 in Dodging
  3081 | D:4      | Noticed Sigmund
  3081 | D:4      | Noticed a black bear
  3221 | D:4      | Noticed Ijyb
  3239 | D:4      | Killed Ijyb
  3240 | D:4      | Reached skill level 3 in Stealth
  3240 | D:4      | Reached XP level 6. HP: 28/34 MP: 4/10
  3549 | D:4      | Reached skill level 1 in Shields
  3854 | D:4      | Noticed Pikel
  3876 | D:3      | Learned a level 4 spell: Airstrike
  4089 | D:4      | Killed a black bear
  4090 | D:4      | Reached XP level 7. HP: 37/38 MP: 1/12
  4449 | D:5      | Entered Level 5 of the Dungeon
  4516 | D:5      | Reached skill level 4 in Dodging
  4516 | D:5      | Reached skill level 2 in Shields
  4565 | D:5      | Reached skill level 4 in Stealth
  4565 | D:5      | Reached skill level 3 in Spellcasting
  4565 | D:5      | Reached skill level 8 in Air Magic
  4751 | D:4      | Killed Sigmund
  4752 | D:4      | Reached skill level 5 in Stealth
  4752 | D:4      | Reached skill level 3 in Shields
  4752 | D:4      | Reached XP level 8. HP: 43/43 MP: 4/13
  4865 | D:5      | Reached skill level 4 in Shields
  5074 | D:5      | Reached skill level 1 in Throwing
  5173 | D:5      | Reached skill level 2 in Fighting
  5173 | D:5      | Reached skill level 2 in Throwing
  5449 | D:5      | Reached skill level 3 in Throwing
  5721 | D:5      | Found a blossoming altar of Fedhas.
  5781 | D:5      | Found a shadowy altar of Dithmenos.
  6011 | D:5      | Reached skill level 1 in Evocations
  6647 | D:3      | Killed Pikel
  6648 | D:3      | Reached skill level 3 in Fighting
  6648 | D:3      | Reached skill level 4 in Throwing
  6648 | D:3      | Reached skill level 2 in Evocations
  6648 | D:3      | Reached XP level 9. HP: 37/50 MP: 4/15
  6690 | D:3      | Noticed Natasha
  6692 | D:3      | Killed Natasha
  6854 | D:6      | Found a staircase to the Ecumenical Temple.
  7047 | Temple   | Entered the Ecumenical Temple
  7115 | Temple   | Became a worshipper of Vehumet
  7269 | D:5      | Reached skill level 4 in Spellcasting
  7269 | D:5      | Reached skill level 3 in Evocations
  7398 | D:6      | Reached skill level 9 in Air Magic
  7695 | D:6      | Reached skill level 5 in Throwing
  8443 | D:6      | Reached skill level 4 in Evocations
  8493 | D:6      | HP: 5/50 [poisoned by a water moccasin]
  8698 | D:6      | Reached skill level 10 in Air Magic
  8818 | D:6      | Reached skill level 6 in Throwing
  9407 | D:7      | Noticed Prince Ribbit
  9409 | D:7      | Killed Prince Ribbit
  9410 | D:7      | Reached skill level 7 in Throwing
  9410 | D:7      | Reached XP level 10. HP: 56/56 MP: 8/17
  9829 | D:7      | Noticed Duvessa
 10194 | D:7      | Noticed Dowan
 10205 | D:7      | Killed Dowan
 10358 | D:7      | Found a glowing silver altar of Zin.
 10358 | D:7      | Found a glowing golden altar of the Shining One.
 10359 | D:7      | Found a white marble altar of Elyvilon.
 10452 | D:8      | Reached * piety under Vehumet
 10452 | D:8      | Offered knowledge of Sandblast by Vehumet.
 10781 | D:8      | Reached skill level 1 in Short Blades
 11059 | D:9      | Found a sparkling altar of Nemelex Xobeh.
 11550 | D:8      | Noticed a two-headed ogre
 11573 | D:8      | Killed a two-headed ogre
 11574 | D:8      | Reached skill level 4 in Fighting
 11574 | D:8      | Reached skill level 2 in Short Blades
 11574 | D:8      | Reached skill level 5 in Dodging
 11965 | D:8      | Found a runed translucent gate.
 11965 | D:8      | Found a runed translucent gate.
 11965 | D:8      | Found a runed translucent gate.
 11965 | D:8      | Noticed a two-headed ogre
 11979 | D:8      | Killed a two-headed ogre
 11980 | D:8      | Reached skill level 6 in Stealth
 11980 | D:8      | Reached skill level 5 in Spellcasting
 12087 | D:8      | Noticed Pimp's ghost (novice HOHu)
 12693 | D:8      | Reached skill level 3 in Short Blades
 12999 | D:9      | Noticed a two-headed ogre
 13001 | D:9      | Killed a two-headed ogre
 13002 | D:9      | Reached skill level 5 in Evocations
 13002 | D:9      | Reached XP level 11. HP: 62/62 MP: 10/20
 13251 | D:9      | Reached skill level 5 in Fighting
 13298 | D:9      | Found a broken altar of Ashenzari.
 13421 | D:10     | Entered Level 10 of the Dungeon
 13555 | D:10     | Reached skill level 4 in Short Blades
 13962 | D:10     | Found a staircase to the Orcish Mines.
 14025 | D:10     | Noticed a two-headed ogre
 14028 | D:10     | Killed a two-headed ogre
 14029 | D:10     | Reached skill level 7 in Stealth
 14090 | D:10     | Reached skill level 6 in Spellcasting
 14112 | D:10     | Reached skill level 6 in Evocations
 14142 | D:10     | Found a staircase to the Lair.
 14242 | Orc:1    | Entered Level 1 of the Orcish Mines
 14242 | Orc:1    | Noticed Erica
 14263 | D:10     | Reached ** piety under Vehumet
 14269 | D:11     | Offered knowledge of Magic Dart by Vehumet.
 14272 | D:11     | Noticed Josephine
 14332 | D:12     | Noticed a cyclops
 14333 | D:12     | Noticed Snorg
 14335 | D:12     | Killed a cyclops
 14339 | D:12     | Killed Snorg
 14340 | D:12     | Reached skill level 8 in Stealth
 14403 | D:12     | Found a frozen archway.
 14493 | D:12     | Reached skill level 7 in Spellcasting
 14507 | IceCv    | Entered an ice cave
 14742 | IceCv    | Noticed a white ugly thing
 14761 | IceCv    | Killed a white ugly thing
 14762 | IceCv    | Reached skill level 9 in Stealth
 15568 | IceCv    | Identified the +9 war axe "Pivakhepn" {heavy, rF+}
 15704 | D:12     | Reached skill level 6 in Dodging
 15713 | D:12     | Reached XP level 12. HP: 69/69 MP: 0/23
 15862 | D:12     | Noticed a boulder beetle
 15896 | D:12     | Offered knowledge of Stone Arrow by Vehumet.
 16020 | D:11     | Killed Josephine
 16021 | D:11     | Reached skill level 6 in Fighting
 16021 | D:11     | Reached skill level 11 in Air Magic
 16236 | D:11     | Noticed Maurice
 16245 | D:11     | Killed Maurice
 16360 | D:11     | Reached skill level 7 in Dodging
 16422 | D:11     | Noticed Lodul
 16431 | D:11     | Reached *** piety under Vehumet
 16555 | D:11     | Noticed Nergalle
 16565 | D:11     | Reached skill level 7 in Fighting
 16949 | D:11     | Noticed Harold
 16953 | D:11     | Noticed an ettin
 16953 | D:11     | Found a transporter.
 16963 | D:11     | Killed Harold
 17048 | D:11     | Found a transporter.
 17073 | D:11     | Noticed a two-headed ogre
 17091 | D:11     | Killed a two-headed ogre
 17092 | D:11     | Reached skill level 8 in Dodging
 17313 | D:11     | Noticed a boulder beetle
 17352 | D:11     | Killed a boulder beetle
 17353 | D:11     | Reached skill level 9 in Dodging
 17611 | D:11     | Offered knowledge of Flame Wave by Vehumet.
 17831 | D:11     | Killed Nergalle
 17912 | D:12     | Noticed a two-headed ogre
 17918 | D:12     | Killed a two-headed ogre
 17919 | D:12     | Reached skill level 10 in Dodging
 18057 | D:12     | a boulder beetle changed into a swamp dragon
 18349 | D:13     | Reached skill level 8 in Fighting
 18525 | D:13     | Noticed a centaur warrior
 18528 | D:13     | Killed a centaur warrior
 18529 | D:13     | Reached skill level 9 in Fighting
 18657 | D:13     | Reached skill level 2 in Conjurations
 18657 | D:13     | Reached XP level 13. HP: 80/80 MP: 2/24
 18909 | D:13     | HP: 2/73 [centaur warrior/arrow (16)]
 19126 | D:10     | Killed Erica
 19168 | Lair:1   | Entered Level 1 of the Lair of Beasts
 19231 | Lair:1   | Reached skill level 3 in Conjurations
 19501 | Lair:1   | Reached **** piety under Vehumet
 19557 | Lair:1   | You are sucked into a shaft and drop 1 floor!
 19560 | Lair:2   | Found a staircase to the Snake Pit.
 19584 | Lair:2   | Offered knowledge of Fulminant Prism by Vehumet.
 19702 | Lair:2   | Found a dark tunnel.
 19733 | Volcano  | Entered a volcano
 20535 | Lair:2   | Reached skill level 12 in Air Magic
 20713 | Lair:2   | Noticed Fannar
 20720 | Lair:2   | Killed Fannar
 20868 | Lair:2   | Reached skill level 8 in Spellcasting
 21194 | Lair:3   | Reached skill level 11 in Dodging
 21277 | Lair:3   | Found a staircase to the Shoals.
 21288 | Lair:3   | Reached skill level 10 in Fighting
 22401 | Lair:4   | Identified a scroll of acquirement
 22402 | Lair:4   | Acquired a +1 hat of willpower
 22630 | Lair:4   | Reached skill level 13 in Air Magic
 22753 | Lair:4   | Reached XP level 14. HP: 67/88 MP: 8/27
 22975 | Lair:4   | Reached skill level 9 in Spellcasting
 22986 | Lair:4   | Reached ***** piety under Vehumet
 22987 | Lair:4   | Reached skill level 12 in Dodging
 23198 | Lair:4   | Offered knowledge of Plasma Beam by Vehumet.
 23199 | Lair:4   | Reached skill level 14 in Air Magic
 23969 | Lair:4   | Found a basalt altar of Yredelemnul.
 24140 | Lair:4   | Reached skill level 7 in Evocations
 25048 | Lair:5   | Entered Level 5 of the Lair of Beasts
 25068 | Lair:4   | Reached skill level 10 in Spellcasting
 25208 | Lair:5   | Reached skill level 8 in Evocations
 25226 | Lair:5   | Reached skill level 1 in Armour
 25388 | Lair:5   | Reached skill level 2 in Armour
 25470 | Lair:5   | Reached skill level 5 in Short Blades
 25535 | Lair:5   | Reached skill level 3 in Armour
 25807 | Lair:5   | Reached skill level 6 in Short Blades
 26186 | Lair:5   | Reached skill level 7 in Short Blades
 26594 | Lair:5   | Reached skill level 8 in Short Blades
 26594 | Lair:5   | Reached skill level 1 in Poison Magic
 26601 | Lair:5   | Learned a level 6 spell: Plasma Beam
 26611 | Lair:5   | Learned a level 9 spell: Chain Lightning
 26795 | Lair:5   | Reached XP level 15. HP: 92/92 MP: 21/30
 26839 | Lair:5   | Reached skill level 1 in Fire Magic
 27040 | Lair:4   | Reached skill level 4 in Conjurations
 27043 | Lair:4   | Reached skill level 2 in Fire Magic
 27548 | Lair:5   | Found a staircase to the Slime Pits.
 27658 | Lair:5   | Reached skill level 5 in Conjurations
 27658 | Lair:5   | Reached skill level 3 in Fire Magic
 28750 | Lair:5   | Identified 3 potions of resistance
 28965 | Orc:1    | Reached skill level 4 in Fire Magic
 28984 | Orc:1    | Reached skill level 6 in Conjurations
 29161 | Orc:1    | Found a transporter.
 29161 | Orc:1    | Noticed Monarks's ghost (journeyman TrBe)
 29338 | Orc:1    | Found a transporter.
 29468 | Orc:1    | Found a bloodstained altar of Trog.
 29556 | Orc:1    | Learned a level 4 spell: Olgreb's Toxic Radiance
 29756 | Orc:2    | Entered Level 2 of the Orcish Mines
 29797 | Orc:2    | Reached skill level 15 in Air Magic
 29950 | Orc:2    | Offered knowledge of Starburst by Vehumet.
 30116 | Orc:2    | Reached skill level 2 in Poison Magic
 30190 | Orc:2    | Reached skill level 5 in Fire Magic
 30295 | Orc:2    | Noticed Saint Roka
 30310 | Orc:2    | Killed Saint Roka
 30311 | Orc:2    | Reached skill level 7 in Conjurations
 30591 | Orc:2    | Reached skill level 3 in Poison Magic
 31033 | Orc:2    | Found a staircase to the Elven Halls.
 31149 | Orc:2    | Reached skill level 6 in Fire Magic
 31194 | Orc:2    | Reached skill level 8 in Conjurations
 31239 | Orc:2    | Found Aqihuyg's Book Boutique.
 31239 | Orc:2    | Found Sirob's Antique Weapon Boutique.
 31240 | Orc:2    | Found Budokad's Antique Armour Emporium.
 31240 | Orc:2    | Found Zaynim's Armour Emporium.
 31250 | Orc:2    | Bought a warped robe for 165 gold pieces
 31250 | Orc:2    | Identified the +0 robe of Complete Protection {+Inv rF-
                  | rN+++ rCorr Dex-4} (You bought it in a shop on level 2 of
                  | the Orcish Mines)
 31292 | Orc:2    | Bought Maxwell's Memoranda for 532 gold pieces
 31670 | Orc:1    | Killed Monarks's ghost
 31723 | Orc:1    | Found a transporter.
 31803 | Orc:1    | Found a bloodstained altar of Trog.
 31837 | Orc:1    | Found a transporter.
 32051 | Orc:1    | Gained mutation: Your body sometimes deteriorates upon
                  | taking damage. [a neqoxec]
 32058 | Orc:1    | Gained mutation: Armour fits poorly on your strangely
                  | shaped body. [a neqoxec]
 32059 | Orc:1    | Offered knowledge of Freezing Cloud by Vehumet.
 32068 | Orc:1    | Learned a level 5 spell: Freezing Cloud
 32133 | Orc:1    | Got the ring of Day {rC+ Int-5 Dex+6 Stlth+}
 32546 | D:7      | Killed Duvessa
 32717 | D:7      | Found a glowing silver altar of Zin.
 32717 | D:7      | Found a glowing golden altar of the Shining One.
 32718 | D:7      | Found a white marble altar of Elyvilon.
 32968 | D:8      | Reached skill level 4 in Poison Magic
 33034 | D:8      | Killed Pimp's ghost
 33403 | D:13     | Noticed Rupert
 33410 | D:13     | Killed Rupert
 33411 | D:13     | Reached skill level 1 in Ice Magic
 33411 | D:13     | Reached XP level 16. HP: 96/97 MP: 4/31
 34278 | D:14     | Found a gate to the Vaults.
 34337 | D:14     | Reached skill level 16 in Air Magic
 34417 | D:14     | Reached skill level 2 in Ice Magic
 34479 | D:14     | Reached skill level 9 in Conjurations
 34680 | D:14     | Found Utychab's Jewellery Boutique.
 34769 | D:14     | Reached skill level 7 in Fire Magic
 34834 | D:14     | Found Toasumyge's Book Emporium.
 34880 | D:14     | Reached skill level 5 in Poison Magic
 35339 | D:14     | Found Esaheos's General Store.
 35500 | D:15     | Entered Level 15 of the Dungeon
 35856 | D:15     | Identified the +5 flail "Voadgh" {speed, Will- MP+9 Int+2
                  | Stlth+}
 35861 | D:15     | Found a radiant altar of Vehumet.
 36074 | D:15     | Reached skill level 3 in Ice Magic
 36255 | D:15     | Acquired a book of Chaos
 36340 | D:15     | Found a staircase to the Depths.
 36743 | Snake:1  | Entered Level 1 of the Snake Pit
 36889 | Snake:1  | Found an iron altar of Okawaru.
 36907 | Snake:1  | Noticed a nagaraja
 36910 | Snake:1  | Killed a nagaraja
 37006 | Snake:1  | Reached skill level 10 in Conjurations
 37056 | Snake:1  | Reached skill level 6 in Poison Magic
 37780 | Snake:2  | Reached skill level 11 in Spellcasting
 37781 | Snake:2  | HP: 8/97 [anaconda (3)]
 37786 | Snake:2  | HP: 14/145 [constriction (2)]
 38291 | Snake:1  | Reached skill level 7 in Poison Magic
 38347 | Snake:1  | Offered knowledge of Iron Shot by Vehumet.
 38733 | Snake:2  | Identified the +14 chain mail of the Neverending Moons
                  | {Will+ Str+2 Int-5 Dex+3}
 38823 | Snake:2  | Reached skill level 8 in Poison Magic
 39295 | Snake:2  | Reached XP level 17. HP: 102/102 MP: 26/33
 39333 | Snake:2  | Reached skill level 9 in Poison Magic
 39477 | Snake:1  | Learned a level 3 spell: Mephitic Cloud
 40158 | Snake:2  | Noticed Jorgrun
 40166 | Snake:2  | Killed Jorgrun
 40222 | Snake:2  | Reached skill level 10 in Poison Magic
 41004 | Snake:2  | Reached skill level 8 in Fire Magic
 41216 | Snake:2  | Reached skill level 4 in Ice Magic
 41689 | Snake:2  | Reached ****** piety under Vehumet
 42311 | Snake:3  | Reached skill level 17 in Air Magic
 42478 | Snake:3  | Offered knowledge of Orb of Destruction by Vehumet.
 42559 | Snake:3  | HP: 6/102 [shock serpent/bolt of electricity (13)]
 42560 | Snake:3  | Killed from afar by a shock serpent

Vanquished Creatures
  Saint Roka (Orc:2)
  Jorgrun (Snake:2)
  Rupert (D:13)
  3 nagarajas
  The ghost of Monarks the Brawler, a journeyman TrBe of Trog (Orc:1)
  Snorg (D:12)
  Josephine (D:11)
  4 fire dragons
  Fannar (Lair:2)
  An ice dragon (D:15)
  Harold (D:11)
  A vault guard (D:14)
  A rakshasa (D:13)
  An ogre mage (Orc:2)
  3 catoblepae
  5 centaur warriors
  11 hydras
  3 alligators (Snake:2)
  10 two-headed ogres
  Erica (D:10)
  3 boulder beetles
  5 naga warriors
  21 anacondas
  9 death yaks
  2 alligator snapping turtles (Snake:2)
  6 naga sharpshooters
  6 orc high priests
  8 shock serpents
  Nergalle (D:11)
  The ghost of Pimp the Slasher, a novice HOHu of Qazlal (D:8)
  2 salamander mystics
  2 skysharks
  3 goliath frogs (Snake:2)
  4 naga ritualists
  2 swamp dragons
  4 sea snakes
  A wizard (D:15)
  Pikel (D:3)
  5 orc knights
  4 lindwurms
  5 manticores
  6 mana vipers
  7 orc sorcerers
  6 cyclopes
  11 ugly things
  6 salamanders
  27 black mambas
  3 elephants
  Maurice (D:11)
  5 guardian serpents
  A torpor snail (Lair:4)
  3 ice statues (IceCv)
  A molten gargoyle (Volcano)
  13 naga magi
  A gargoyle (D:11)
  12 cane toads
  2 kobold demonologists
  10 komodo dragons
  An unseen horror zombie (D:8)
  A freezing wraith (IceCv)
  17 rime drakes
  2 tengu conjurers (D:14)
  4 efreet
  3 trolls
  An anaconda simulacrum (IceCv)
  3 meliai (Lair:5)
  A polar bear (D:15)
  A troll (shapeshifter) (D:15)
  A queen bee (Lair:5)
  Prince Ribbit (D:7)
  2 hornets
  18 blink frogs
  2 snapping turtles (Snake:2)
  2 vampires
  8 wraiths
  4 wyverns
  10 yaks
  2 dire elephant simulacra (IceCv)
  Sigmund (D:4)
  2 shadows
  4 fire elementals (Volcano)
  6 basilisks
  2 death yak simulacra
  3 neqoxecs (Orc:1)
  8 steam dragons
  7 vampire mosquitoes
  6 wargs
  21 nagas
  12 water moccasins
  4 acid dragons
  Duvessa (D:7)
  A sky beast (D:6)
  A black bear (shapeshifter) (D:15)
  29 orc warriors
  3 ice beasts
  3 swamp drakes (Lair:5)
  6 black bears
  15 ogres
  8 wolves
  2 centaurs
  A lemure (D:4)
  4 phantoms
  2 kobold brigands
  8 bullfrogs
  4 scorpions
  An earth elemental (Volcano)
  2 two-headed ogre simulacra (D:12)
  A cane toad simulacrum (D:12)
  4 wights
  2 gnoll sergeants
  Dowan (D:7)
  29 killer bees
  An elephant simulacrum (D:12)
  A spectral centaur (D:8)
  3 electric eels (Lair:5)
  3 howler monkeys (D:9)
  A centaur zombie (D:8)
  A lava snake (Lair:1)
  3 quasits (Orc:1)
  8 hounds
  A wyvern simulacrum (D:8)
  6 jellies
  17 orc priests
  9 iguanas
  Natasha (thrice) (D:3)
  A sleepcap (D:6)
  Ijyb (D:4)
  22 orc wizards
  3 polar bear simulacra
  3 wolf simulacra
  2 centaur simulacra
  A spectral howler monkey (D:8)
  A naga simulacrum (D:12)
  10 adders
  10 gnolls
  6 white imps
  2 ufetubi
  4 worms
  4 dart slugs
  75 orcs
  7 ball pythons
  4 endoplasms
  2 giant cockroaches
  7 goblins
  5 hobgoblins
  6 jackals
  10 kobolds
  5 quokkas
  3 bats
  5 frilled lizards
  3 rats
  4 fire vortices (Volcano)
813 creatures vanquished.

Vanquished Creatures (collateral kills)
  A manticore (Lair:5)
  A cane toad (Lair:5)
  A rime drake (Lair:5)
  An orc (Orc:2)
4 creatures vanquished.

Vanquished Creatures (others)
  An orc wizard (Orc:2)
  An ufetubus (D:15)
  A bush (Lair:4)
  42 fungi
  58 plants
103 creatures vanquished.

Grand Total: 920 creatures vanquished

Table legend: (Time is in decaauts)
 A = Elapsed time spent in this place.
 B = Non-inter-level travel time spent in this place.
 C = Inter-level travel time spent in this place.
 D = Time resting spent in this place.
 E = Time spent auto-exploring this place.
 F = Levels seen in this place.
 G = Mean time per level.
                   A        B        C        D        E       F      G
               +--------+--------+--------+--------+--------+-----+--------+
         Total |  40655 |  38393 |   2262 |   7226 |  24421 |  28 | 1452.0 |
       Dungeon |  21481 |  20341 |   1140 |   2997 |  14137 |  15 | 1432.1 |
        Temple |    245 |    230 |     15 |      0 |    214 |   1 |  245.0 |
          Lair |   9249 |   8727 |    522 |   1913 |   5361 |   5 | 1849.8 |
     Snake Pit |   5041 |   4728 |    313 |   1108 |   2766 |   3 | 1680.3 |
  Orcish Mines |   2967 |   2697 |    270 |    227 |   1796 |   2 | 1483.5 |
      Ice Cave |   1081 |   1081 |      0 |    626 |    136 |   1 | 1081.0 |
       Volcano |    589 |    589 |      0 |    352 |      9 |   1 |  589.0 |
               +--------+--------+--------+--------+--------+-----+--------+

Top non-repeatable levels by time:
  Lair:5: 2890 daAuts
  Lair:4: 2512 daAuts
 Snake:1: 2427 daAuts
     D:5: 2360 daAuts
 Snake:2: 2227 daAuts
     D:8: 2150 daAuts
  Lair:3: 2026 daAuts
     D:6: 1898 daAuts
    D:11: 1880 daAuts
   Orc:1: 1722 daAuts
    D:13: 1570 daAuts
     D:7: 1569 daAuts
     D:3: 1537 daAuts
  Lair:2: 1426 daAuts
     D:4: 1351 daAuts

Table legend:
 A = Non-vault XP
 B = Vault XP
 C = Vault XP percentage of total XP
 D = Non-vault monster count
 E = Vault monster count
 F = Vault count percentage of total count
                 A         B        C        D         E       F
            +---------+---------+-------+---------+---------+-------
      Total |  137847 |   93370 |  40.4 |     512 |     301 |  37.0
            +---------+---------+-------+---------+---------+-------
        D:1 |      26 |       6 |  18.8 |      15 |       3 |  16.7
        D:2 |      63 |       3 |   4.5 |      16 |       2 |  11.1
        D:3 |     186 |     653 |  77.8 |      24 |       2 |   7.7
        D:4 |     493 |     249 |  33.6 |      17 |       2 |  10.5
        D:5 |    1109 |       5 |   0.4 |      25 |       2 |   7.4
        D:6 |    1011 |     708 |  41.2 |      16 |       7 |  30.4
        D:7 |     513 |     502 |  49.5 |      16 |       3 |  15.8
        D:8 |    2550 |    1327 |  34.2 |      33 |       7 |  17.5
        D:9 |    1592 |     188 |  10.6 |       9 |       1 |  10.0
       D:10 |    1747 |    1305 |  42.8 |       5 |       9 |  64.3
       D:11 |    3651 |    4931 |  57.5 |      13 |      35 |  72.9
       D:12 |    3424 |    1513 |  30.6 |      14 |       9 |  39.1
       D:13 |    7080 |    1771 |  20.0 |      12 |       1 |   7.7
       D:14 |   10377 |    1222 |  10.5 |      22 |       2 |   8.3
       D:15 |    4952 |    2747 |  35.7 |      14 |      13 |  48.1
     Lair:1 |    2443 |       0 |   0.0 |       9 |       0 |   0.0
     Lair:2 |    4658 |    1790 |  27.8 |      14 |       4 |  22.2
     Lair:3 |    7184 |     453 |   5.9 |      27 |       1 |   3.6
     Lair:4 |   14836 |    6730 |  31.2 |      32 |      22 |  40.7
     Lair:5 |   10630 |   14571 |  57.8 |      25 |      63 |  71.6
    Snake:1 |   21143 |     755 |   3.4 |      37 |       1 |   2.6
    Snake:2 |   19425 |   25479 |  56.7 |      39 |      33 |  45.8
    Snake:3 |    6353 |    7611 |  54.5 |      13 |      11 |  45.8
      Orc:1 |    4109 |    2161 |  34.5 |      25 |      11 |  30.6
      Orc:2 |    8292 |   11409 |  57.9 |      40 |      36 |  47.4
      IceCv |       0 |    3270 | 100.0 |       0 |      13 | 100.0
    Volcano |       0 |    2011 | 100.0 |       0 |       8 | 100.0
            +---------+---------+-------+---------+---------+-------

Levels and vault maps discovered:
D:1:      dpeg_arrival_castle, layout_rooms, serial_shops, shop, st_stairs_11
D:2:      layout_basic, ebering_ecumenical_altar_rust, serial_curves,
          eino_curves_02, eino_curves_04, grunt_ministairs_2
D:3:      layout_rooms, mainiacjoe_overflow_brackets, serial_bayou,
          serial_bayou_shore_b, serial_bayou_crossing, serial_bayou_pond_c,
          serial_bayou_shore_b, uniq_natasha
D:4:      layout_loops_cross, uniq_ijyb, uniq_pikel, uniq_sigmund
D:5:      nicolae_cairo_tiling, layout_layer_cave, jmf_multi_god_temple
D:6:      layout_loops_ring, minmay_temple_entry_mini_moons, minmay_starry_boxes
D:7:      layout_cave_pools, good_gods_temple_1, uniq_prince_ribbit1,
          uniq_duvessa
D:8:      layout_loops_ring, gammafunk_ghost_necromancy
D:9:      layout_rooms, mainiacjoe_overflow_alcove_4,
          nemelex_xobeh_ov_fountains_minmay, hangedman_decor_slide_cut
D:10:     layout_cross, erik_lair_orcish_takeover, orc_0_dummy,
          chequers_serial_rivers_micro_c
D:11:     gammafunk_sealed_arena, layout_basic, special_room [special_room_orc],
          uniq_maurice, uniq_nergalle, uniq_harold, uniq_josephine, uniq_lodul
D:12:     layout_roguey, portal_ice_cave_entry_ice_simulacra, uniq_snorg
D:13:     layout_long_grid, uniq_rupert
D:14:     layout_loops_corners, david_vaults_5,
          nicolae_concentric_dashed_squares_wild, serial_shops, shop,
          nicolae_shop_just_a_little_nook, nicolae_shop_stone
D:15:     grunt_enter_depths_hoard, layout_gridville, hangedman_decor_opposing,
          serial_ice, serial_ice_k, serial_ice_o, serial_ice_n, serial_ice_g,
          serial_ice_d, serial_ice_a, vehumet_altar_wand_db
Temple:   eino_narrow_crystal_temple
Lair:1:   layout_gridlike
Lair:2:   layout_gridlike, guppyfry_snake_entry_island,
          nicolae_volcano_entry_vermiform, lemuel_fruit_fields, uniq_fannar
Lair:3:   layout_regular_city, shoals_dummy_entry, minivault_23,
          grunt_megastairs_1
Lair:4:   layout_regular_city, basic_altar, ldierk_geyser,
          bobbens_dragon_lair_wall
Lair:5:   hangedman_lair_in_review, layout_gridlike, guppyfry_lair_end_dragon,
          nicolae_slime_entry_field_trip, special_room [special_room_bee],
          disabler_island
Snake:1:  layout_chambers, basic_altar, hangedman_snake_pattern
Snake:2:  minmay_snake_river, layout_misc_corridors,
          nicolae_snake_herptile_family_reunion, uniq_jorgrun
Snake:3:  nicolae_aizul_guard, layout_rooms, grunt_megastairs_2,
          minmay_shop_grove
Orc:1:    layout_caves, gammafunk_ghost_stat_death, trog_butcher_becter,
          uniq_erica
Orc:2:    st_orc_elflike, layout_caves, uniq_saint_roka
